 Dungeon Crawl Stone Soup version 0.28.0 (webtiles) character file.

Game seed: 14583583264301931480

9 crazypyro the Skirmisher (level 2, -1/32 HPs)
             Began as an Ogre Monk on Feb 16, 2022.
             Slain by a hobgoblin (3 damage)
             ... on level 1 of the Dungeon.
             The game lasted 00:00:23 (189 turns).

crazypyro the Skirmisher (Ogre Monk)                 Turns: 189, Time: 00:00:24

Health: -1/32      AC:  3    Str: 14    XL:     2   Next: 12%
Magic:  2/2        EV: 10    Int: 11    God:
Gold:   14         SH:  0    Dex: 11    Spells: 1/1 levels left

rFire   . . .      SeeInvis .   a - +0 mace
rCold   . . .      Faith    .   (no shield)
rNeg    . . .      Spirit   .   b - +0 robe
rPois   .          Reflect  .   (helmet restricted)
rElec   .          Harm     .   (no cloak)
rCorr   .          Rampage  .   (gloves unavailable)
Will    .....                   (boots unavailable)
Stlth   ++........              (no amulet)
HPRegen 0.10/turn               (no ring)
MPRegen 0.08/turn               (no ring)

@: no status effects
A: large, unfitting armour, tough skin 1
a: no special abilities


You were on level 1 of the Dungeon.
You visited 1 branch of the dungeon, and saw 1 of its levels.

You collected 14 gold pieces.

Inventory:

Hand Weapons
 a - a +0 mace (weapon)
Armour
 b - a +0 robe (worn)
Jewellery
 d - a ring of protection from cold
Scrolls
 c - a scroll of amnesia {unknown}


   Skills:
 - Level 4.0 Fighting
 * Level 3.1 Maces & Flails
 - Level 2.7 Dodging
 - Level 1.4 Stealth


You had one spell level left.
You didn't know any spells.
Your spell library was empty.

Dungeon Overview and Level Annotations

Branches:
Dungeon (1/15)

Altars:


Innate Abilities, Weirdness & Mutations

You are too large for most types of armour.
You have tough skin. (AC +1)


Message History

The hobgoblin hits you. The kobold barely misses you.
You miss the kobold.
The kobold is severely wounded.
The hobgoblin barely misses you. The kobold hits you with a +0 dagger.
You barely miss the kobold.
The kobold is severely wounded.
The hobgoblin hits you. The kobold hits you with a +0 dagger.
You are too injured to fight recklessly!
You are too injured to fight recklessly!
You closely miss the kobold.
The kobold is severely wounded.
The hobgoblin closely misses you. The kobold hits you with a +0 dagger.
The hobgoblin hits you.
You barely miss the kobold.
The kobold is severely wounded.
The kobold hits you with a +0 dagger.
* * * LOW HITPOINT WARNING * * *
The hobgoblin hits you.
* * * LOW HITPOINT WARNING * * *
The kobold barely misses you.
You barely miss the hobgoblin. The hobgoblin closely misses you.
You hit the hobgoblin.
The hobgoblin is severely wounded.
The hobgoblin hits you.
* * * LOW HITPOINT WARNING * * *
You closely miss the hobgoblin.
The hobgoblin is severely wounded.
The hobgoblin closely misses you.
You closely miss the hobgoblin.
The hobgoblin is severely wounded.
The hobgoblin closely misses you.
The hobgoblin hits you but does no damage.
You closely miss the hobgoblin.
The hobgoblin is severely wounded.
The hobgoblin hits you.
* * * LOW HITPOINT WARNING * * *
You barely miss the hobgoblin.
The hobgoblin is severely wounded.
The hobgoblin hits you.
You die...

## ######### #.#
#.......# #.# #.#####(#
##.# ###.#####.###.####
#.........@gKS...#
#######.#.#####.###.##.#
.)......#.#####.# ##.#
.#####..#.......#
#......# #.....#########
#.#.##.# .##.##.## #.#.#
.......# #.# # ###.####
... #.#### #..


You could see a hobgoblin, a ball python and a kobold.

Vanquished Creatures
  A dart slug (D:1)
  A ball python (D:1)
  An endoplasm (D:1)
  A goblin (D:1)
  A kobold (D:1)
  A rat (D:1)
6 creatures vanquished.

Notes
Turn   | Place    | Note
-------+----------+-------------------------------------------
     0 | D:1      | crazypyro the Ogre Monk began the quest for the Orb.
     0 | D:1      | Reached XP level 1. HP: 24/24 MP: 1/1
    28 | D:1      | Reached XP level 2. HP: 28/32 MP: 2/2
   189 | D:1      | Slain by a hobgoblin

Illustrated notes

Levels and vault maps discovered:
D:1:      grunt_arrival_lava_bath, layout_loops_cross, serial_shops, shop

Skill      XL: |  1 |
---------------+----+-----
Maces & Flails | 3 |  3.1
Fighting       | |  4.0
Dodging        | |  2.7
Stealth        | |  1.4

Action                   || total
-------------------------++-------
Melee: Mace              ||    35
Armor: Robe              ||     9
Dodge: Dodged            ||    26
